 Dungeon Crawl Stone Soup version 0.30-a0-1043-g60ff8d5f49 (webtiles) character file.

Game seed: 12180486389231874511

1075358 holysushi the Intangible (level 27, 156/156 HPs)
             Began as a Vine Stalker Monk on Apr 9, 2023.
             Was an Initiate of Gozag.
             Quit the game in the Vestibule of Hell on Apr 11, 2023.
             The game lasted 04:07:35 (93168 turns).

holysushi the Intangible (Vine Stalker Monk)       Turns: 93168, Time: 04:07:36

Health: 156/156    AC: 16    Str: 11    XL:     27
Magic:  48/48      EV: 73    Int: 10    God:    Gozag
Gold:   11690      SH: 37    Dex: 41    Spells: 58/66 levels left

rFire   + . .      SeeInvis +    b - +3 greatsling "Punk" {acid, rCorr}
rCold   . . .      Faith    .    O - +8 tower shield {AC+3}
rNeg    + . .      Spirit   +    i - +3 robe of Clouds {*Thunder rCloud rElec}
rPois   +          Reflect  .    Y - +2 hood of the Assassin {Detect Stab+ Stlth++}
rElec   +          Rampage  .    R - +1 cloak of Starlight {*Dazzle EV+4 Stlth--}
rCorr   +                        q - +0 pair of gloves "Vykou" {rN+ rCorr Dex+3}
Will    ++++.                    y - +2 pair of boots {Fly} Stlth *+++++++++
                                 L - amulet "Plog" {Acrobat Contam Regen+ Slay+5 Stlth+}
HPRegen 2.06/turn                I - ring of Accord {rF+ Will+ Dex+4 SInv}
MPRegen 0.31/turn                D - ring "Vass" {rElec rPois rCorr Str-5 Dex+5}

@: acrobatic, flying, studying 2 skills
A: fangs 3, regeneration 1, magic shield, antimagic bite, no potion heal 2,
mutation resistance 1, poison resistance
}: 13/15 runes: barnacled, slimy, silver, golden, iron, obsidian, abyssal,
demonic, glowing, magical, fiery, dark, gossamer
a: Renounce Religion, Potion Petition, Call Merchant, Bribe Branch


You were in the Vestibule of Hell.
You worshipped Gozag.
Gozag was extremely pleased with you.
You visited 16 branches of the dungeon, and saw 72 of its levels.
You visited Pandemonium 1 time, and saw 26 of its levels.
You visited the Abyss 2 times.
You visited 1 bazaar.
You also visited: Bailey and Ice Cave.

You collected 50748 gold pieces.
You spent 10221 gold pieces at shops.
You paid 28837 gold pieces to Gozag.

Inventory:

Hand Weapons
 a - a +9 rapier of speed
 b - the +3 greatsling "Punk" (weapon) {acid, rCorr}
   (You bought it in a shop on level 2 of the Depths)

   rCorr:     It protects you from acid and corrosion.
 c - the +11 long sword of Noabyiso {antimagic, rElec}
   (You found it on level 1 of the Tomb of the Ancients)

   rElec:     It insulates you from electricity.
 s - the +8 demon blade "Leech" {evervamp, Harm Drain rN+}
   (You found it on level 3 of the Crypt)

   rN:        It protects you from negative energy.
   Drain:     It drains your maximum health when unequipped.
   Harm:      It increases damage dealt and taken.
 z - the +7 sceptre of Asmodeus
   (You took it off Asmodeus on level 7 of Gehenna)

   Wielding it grants the ability to summon fiery demons, with success rate
   depending on Evocations skill.
   Those summoned this way will remain friendly only for a limited time.
Armour
 i - the +3 robe of Clouds (worn) {*Thunder rCloud rElec}
   (You bought it in a shop on level 1 of the Vaults)

   *Thunder:  It occasionally creates storm clouds above nearby enemies.
   rCloud:    It grants its wearer immunity to clouds.
   rElec:     It insulates you from electricity.
 m - the +2 cloak "Meimemeb" {-Cast Str+5 Slay+5 SInv}
   (You found it on level 1 of the Lair of Beasts)

   Str:       It affects your strength (+5).
   Slay:      It affects your accuracy & damage with ranged weapons and melee
   (+5).
   SInv:      It lets you see invisible.
   -Cast:     It prevents spellcasting.
 q - the +0 pair of gloves "Vykou" (worn) {rN+ rCorr Dex+3}
   (You found it on level 3 of the Elven Halls)

   Dex:       It affects your dexterity (+3).
   rN:        It protects you from negative energy.
   rCorr:     It protects you from acid and corrosion.
 y - a +2 pair of boots of flying (worn)
 E - a +0 buckler of cold resistance
 O - a +8 tower shield of protection (worn)
 R - the +1 cloak of Starlight (worn) {*Dazzle EV+4 Stlth--}
   (You bought it in a shop on level 11 of the Dungeon)

   *Dazzle:   It may blind those who miss an attack against the wearer in melee
   combat.
   EV:        It affects your evasion (+4).
   Stlth:     It makes you much less stealthy.
 Y - the +2 hood of the Assassin (worn) {Detect Stab+ Stlth++}
   (You bought it in a shop on level 1 of the Vaults)

   Detect:    It allows the wearer to sense nearby creatures.
   Stab+:     It allows the wearer to make particularly effective stabbing
   attacks against helpless or unaware enemies with any weapon.
   Stlth:     It makes you much more stealthy.
Jewellery
 D - the ring "Vass" (right hand) {rElec rPois rCorr Str-5 Dex+5}
   (You bought it in a shop on level 2 of the Orcish Mines)

   [ring of resist corrosion]

   Str:       It affects your strength (-5).
   Dex:       It affects your dexterity (+5).
   rElec:     It insulates you from electricity.
   rPois:     It protects you from poison.
   rCorr:     It protects you from acid and corrosion.
 G - the ring "Ifomios" {Will+ MP+9 Dex+3}
   (You found it on level 4 of the Shoals)

   [ring of willpower]

   Dex:       It affects your dexterity (+3).
   MP:        It affects your magic capacity (+9).
   Will:      It increases your willpower.
 I - the ring of Accord (left hand) {rF+ Will+ Dex+4 SInv}
   (You bought it in a shop on level 4 of the Lair of Beasts)

   [ring of willpower]

   Dex:       It affects your dexterity (+4).
   rF:        It protects you from fire.
   SInv:      It lets you see invisible.
   Will:      It increases your willpower.
 L - the amulet "Plog" (around neck) {Acrobat Contam Regen+ Slay+5 Stlth+}
   (You bought it in a shop on level 2 of the Depths)

   [amulet of the acrobat]

   It increases your evasion while moving and waiting.
   Slay:      It affects your accuracy & damage with ranged weapons and melee
   (+5).
   Contam:    It causes magical contamination when unequipped.
   Regen:     It increases your rate of health regeneration.
   Stlth:     It makes you more stealthy.
 M - the ring "Xosmosuw" {Fly rF+ rN+ Str-4 Dex+6}
   (You bought it in a shop on level 2 of the Orcish Mines)

   [ring of dexterity]

   Str:       It affects your strength (-4).
   Dex:       It affects your dexterity (+6).
   rF:        It protects you from fire.
   rN:        It protects you from negative energy.
   Fly:       It grants you flight.
Wands
 t - a wand of roots (59)
 A - a wand of digging (32)
 N - a wand of acid (2)
 T - a wand of flame (41)
Scrolls
 d - 9 scrolls of fear
 f - 10 scrolls of fog
 h - 6 scrolls of blinking
 l - 21 scrolls of teleportation
 o - 7 scrolls of butterflies
 J - 4 scrolls of enchant weapon
 S - 9 scrolls of amnesia
 V - 4 scrolls of brand weapon
 W - 3 scrolls of silence
 X - 7 scrolls of magic mapping
Potions
 j - 4 potions of resistance
 k - 2 potions of berserk rage
 n - 9 potions of mutation
 p - 5 potions of brilliance
 u - 5 potions of cancellation
 v - 9 potions of ambrosia
 w - 14 potions of lignification
 x - 8 potions of invisibility
 B - 7 potions of haste
 F - 26 potions of curing
 H - 10 potions of flight
 K - 17 potions of attraction
 P - 9 potions of might
Miscellaneous
 e - the horn of Geryon
 g - a box of beasts
 r - a phantom mirror
 Q - a condenser vane
 U - a figurine of a ziggurat
 Z - a phial of floods


   Skills:
 - Level 20.0 Fighting
 - Level 21.9 Short Blades
 - Level 13.5 Ranged Weapons
 O Level 27 Dodging
 - Level 23.6 Stealth
 + Level 20.3 Shields
 - Level 20.2 Spellcasting
 - Level 5.0 Translocations
 - Level 5.2 Air Magic
 - Level 10.0 Evocations


You had 58 spell levels left.
You knew the following spells:

 Your Spells              Type           Power      Damage    Failure   Level
a - Apportation           Tloc           40%        N/A       1%          1
b - Airstrike             Air            10%        2d(2-18)  11%         4
c - Portal Projectile     Hex/Tloc       30%        N/A       11%         3

Your spell library contained the following spells:

 Spells                   Type           Power      Damage    Failure   Level
 Blink                    Tloc           40%        N/A       1%          2
 Lesser Beckoning         Tloc           40%        N/A       1%          2
 Shock                    Conj/Air       60%        1d6       3%          1
 Gell's Gravitas          Tloc           20%        N/A       3%          3
 Swiftness                Air            20%        N/A       3%          3
 Teleport Other           Tloc           20%        N/A       3%          3
 Vhi's Electric Charge    Tloc/Air       40%        N/A       3%          3
 Poisonous Vapours        Pois/Air       30%        N/A       4%          2
 Static Discharge         Conj/Air       30%        2-4/arc   4%          2
 Momentum Strike          Conj/Tloc      30%        3d8       5%          2
 Cigotuvi's Dreadful Rot  Necr/Pois/Air  26%        N/A       8%          2
 Beastly Appendage        Tmut           20%        N/A       10%         1
 Freeze                   Ice            40%        1d6       10%         1
 Kiss of Death            Conj/Necr      40%        2d8       10%         1
 Magic Dart               Conj           40%        1d5       10%         1
 Necrotise                Necr           40%        1d6       10%         1
 Sandblast                Erth           20%        2d7       10%         1
 Slow                     Hex            40%        N/A       10%         1
 Summon Small Mammal      Summ           40%        N/A       10%         1
 Volatile Blastmotes      Fire/Tloc      30%        2d12      11%         3
 Manifold Assault         Tloc           20%        N/A       13%         4
 Passage of Golubria      Tloc           20%        N/A       13%         4
 Mephitic Cloud           Conj/Pois/Air  13%        N/A       14%         3
 Call Imp                 Summ           20%        N/A       16%         2
 Ensorcelled Hibernation  Hex/Ice        20%        N/A       16%         2
 Passwall                 Tmut/Erth      8%         N/A       16%         2
 Scorch                   Fire           20%        2d5       16%         2
 Searing Ray              Conj           20%        2d5       16%         2
 Sublimation of Blood     Necr           10%        N/A       16%         2
 Wereblood                Tmut           10%        N/A       16%         2
 Call Canine Familiar     Summ           10%        N/A       30%         3
 Confusing Touch          Hex            10%        N/A       30%         3
 Frozen Ramparts          Ice            20%        1d4       30%         3
 Hailstorm                Conj/Ice       10%        3d5       30%         3
 Ignite Poison            Fire/Tmut/Pois 10%        N/A       30%         3
 Inner Flame              Hex/Fire       10%        N/A       30%         3
 Ozocubu's Armour         Ice            10%        N/A       30%         3
 Spider Form              Tmut/Pois      10%        N/A       30%         3
 Stone Arrow              Conj/Erth      20%        3d8       30%         3
 Summon Guardian Golem    Hex/Summ       10%        N/A       30%         3
 Tukima's Dance           Hex            10%        N/A       30%         3
 Vampiric Draining        Necr           10%        2d6       30%         3
 Summon Lightning Spire   Summ/Air       15%        N/A       32%         4
 Iskenderun's Mystic Bla  Conj/Tloc      15%        2d5       34%         4
 Arcjolt                  Conj/Air       7%         1d17      67%         5
 Silence                  Hex/Air        7%         N/A       67%         5
 Anguish                  Hex/Necr       5%         N/A       69%         4
 Animate Armour           Summ/Erth      20%        N/A       69%         4
 Cause Fear               Hex            5%         N/A       69%         4
 Dispel Undead            Necr           10%        3d9       69%         4
 Flame Wave               Conj/Fire      10%        2d6       69%         4
 Fulminant Prism          Conj/Hex       5%         3d7       69%         4
 Leda's Liquefaction      Hex/Erth       5%         N/A       69%         4
 Olgreb's Toxic Radiance  Pois           10%        N/A       69%         4
 Petrify                  Tmut/Erth      10%        N/A       69%         4
 Sticky Flame             Conj/Fire      10%        2d3       69%         4
 Summon Forest            Summ/Tloc      7%         N/A       69%         5
 Freezing Cloud           Conj/Ice/Air   6%         6-21      80%         5
 Dispersal                Tloc           10%        N/A       89%         6
 Alistair's Intoxication  Tmut/Pois      6%         N/A       95%         5
 Blade Hands              Tmut           5%         N/A       95%         5
 Borgnjor's Vile Clutch   Necr/Erth      5%         N/A       95%         5
 Fireball                 Conj/Fire      5%         3d5       95%         5
 Irradiate                Conj/Tmut      5%         3d13      95%         5
 Iskenderun's Battlesphe  Conj           10%        2d6       95%         5
 Lee's Rapid Deconstruct  Erth           5%         3d6*      95%         5
 Yara's Violent Unravell  Hex/Tmut       5%         3d4       95%         5
 Conjure Ball Lightning   Conj/Air       7%         3x3d6     99%         6
 Plasma Beam              Fire/Air       7%         2x1d20    99%         6
 Death Channel            Necr           5%         N/A       100%        6
 Eringya's Noxious Bog    Tmut/Pois      5%         N/A       100%        6
 Starburst                Conj/Fire      5%         6d4       100%        6
 Statue Form              Tmut/Erth      6%         N/A       100%        6
 Dragon Form              Tmut           5%         N/A       100%        7
 Enfeeble                 Hex            5%         N/A       100%        7
 Orb of Destruction       Conj           5%         9d5       100%        7
 Ozocubu's Refrigeration  Ice            5%         4d8       100%        7
 Spellforged Servitor     Conj/Summ      5%         N/A       100%        7
 Storm Form               Tmut/Air       7%         N/A       100%        7
 Summon Hydra             Summ           5%         N/A       100%        7
 Borgnjor's Revivificati  Necr           5%         N/A       100%        8
 Discord                  Hex            5%         N/A       100%        8
 Disjunction              Tloc           10%        N/A       100%        8
 Ignition                 Fire           5%         3d4       100%        8
 Maxwell's Capacitive Co  Air            10%        ∞         100%        8
 Necromutation            Tmut/Necr      5%         N/A       100%        8
 Chain Lightning          Conj/Air       7%         3d10      100%        9
 Death's Door             Necr           5%         N/A       100%        9
 Dragon's Call            Summ           5%         N/A       100%        9
 Fire Storm               Conj/Fire      5%         8d1       100%        9
 Polar Vortex             Ice            5%         N/A       100%        9
 Shatter                  Erth           5%         3d8*      100%        9
 Animate Dead             Necr           Unusable   N/A       N/A         4

Dungeon Overview and Level Annotations

Branches:
Dungeon (15/15) Zot: 24290  Temple (1/1) D:7 Zot: 5956    Lair (5/5) D:11 Zot: 22522
 Shoals (4/4) Lair:3 Zot: 19037  Spider (4/4) Lair:3 Zot: 18883   Slime (5/5) Lair:4 Zot: 25969
    Orc (2/2) D:10 Zot: 9888     Elf (3/3) Orc:2 Zot: 11640  Vaults (5/5) D:14 Zot: 20266
  Crypt (3/3) Vaults:2 Zot: 15022    Tomb (3/3) Crypt:3 Zot: 13666  Depths (4/4) D:15 Zot: 19165
   Hell (1/1) Zot: 26002      Dis (7/7) Hell Zot: 26002     Geh (7/7) Hell Zot: 26002
    Coc (0/7) Hell            Tar (3/7) Hell Zot: 26002     Zot (0/5) Depths:4
 Bailey (visited)           IceCv (visited)

Altars:
Ashenzari
Cheibriados
Dithmenos
Elyvilon
Fedhas
Gozag
Hepliaklqana
Kikubaaqudgha
Makhleb
Nemelex Xobeh
Okawaru
Qazlal
Ru
Sif Muna
Trog
Uskayaw
Vehumet
Wu Jian
Xom
Yredelemnul
Zin
The Shining One

Shops:
D:7 [   D:11 *([(=   D:14 *!   Orc:1 [   Orc:2 (?=*=(   Elf:3 *   Lair:4 **=
Spider:4 =   Vaults:1 [   Vaults:4 (   Vaults:5 [   Depths:2 ==(

Portals:
Hell: Depths:1 Depths:2 Depths:3 Depths:4
Abyss: Depths:3
Pandemonium: Depths:2
Ziggurat: Depths:1

Annotations:
D:3 1 runed translucent door, Crazy Yiuf
D:5 3 runed translucent doors, dufus's ghost, amateur GnMo
D:13 1 runed translucent door, Zedil's ghost, journeyman VSBr
D:15 Roxanne
Orc:2 2 transporters, Sigmada's ghost, journeyman DsNe
Elf:3 2 transporters, roninjake's ghost, adept MiFi
Vaults:4 2 transporters, exclusion: orange crystal statue, Luiw's ghost, veteran HOBe; Yptir's ghost, adept AtFE
Depths:3 1 runed translucent door, strangelove's ghost, master GrEE
Depths:4 2 runed translucent doors, Xutext's ghost, adept DsAK


Innate Abilities, Weirdness & Mutations

You have razor-sharp teeth.
Your natural rate of healing is unusually fast.
When hurt, damage is shared between your health and your magic reserves.
Your bite disrupts and absorbs the magic of your enemies.
Potions cannot restore your health.
You are somewhat resistant to further mutation.
Your system is resistant to poisons. (rPois)


Message History

(H) Hell (I) Dis (G) Gehenna (X) Cocytus (Y) Tartarus (Z) Zot
Where to? (Enter - Geh:2, ? - help)
There is a gateway leading out of Gehenna here.
There is a gateway leading out of Gehenna here.
You fly up through the gate.
Welcome back to the Vestibule of Hell!
There is a gateway to the ashen valley of Gehenna here.
Have to go through Geh:1.
Continue? [Y]es or [N]o only, please.
Have to go through Geh:1.
Continue? [Y]es or [N]o only, please.
Have to go through Geh:1.
Continue? [Y]es or [N]o only, please.
Have to go through Geh:1.
Continue? [Y]es or [N]o only, please.
Have to go through Geh:1.
Continue?
Okay, then.
You're wearing all the rings you can.
Remove which one? (? for menu, Esc to cancel) < or
I - the ring of Accord {rF+ Will+ Dex+4 SInv} > or
M - the ring "Xosmosuw" {Fly rF+ rN+ Str-4 Dex+6} You remove the ring "Xosmosuw" {Fly rF+ rN+ Str-4 Dex+6}.
You feel clumsy.
You feel weaker.
You feel agile.
D - the ring "Vass" (right hand) {rElec rPois rCorr Str-5 Dex+5}
There is an open door here.
There is an open door here.
Search for what [Enter for "slay", or ? for help]? rc+ Welcome back, holysushi the Vine Stalker Monk.
Gozag says: Greed is good.
Press ? for a list of commands and other information.
(D) Dungeon (T) Temple (L) Lair (A) Shoals (N) Spider Nest (M) Slime Pits (O) Orcish Mines (E) Elven Halls (V) Vaults (C) Crypt (W) Tomb (U) Depths (H) Hell (I) Dis (G) Gehenna (X) Cocytus (Y) Tartarus (Z) Zot
Where to? (? - help)
Okay, then.
Are you sure you want to abandon this character and quit the game? (Confirm with "yes".)

....## ##≈≈#.....###
.#.#.# ##§≈≈#......#
....### ##≈≈####.....#
......### ##≈≈##..'##...#
#.#...#.####..≈#.....##'##
..[....#.##§≈§.#.....#...#
∩.∩.#......≈§..'.....#...#
..))...#...≈§..'.....#.∩.#
.∩(.#......≈≈..'@....#...#
.......#.##.≈§.#.....#...#
#.#...#.####..≈#....^##'##
......### ##§≈##..'##...#
....### ##≈≈####.....#
.#.#.# ##≈≈≈#......#
....## ##≈§#.....### ...##
##≈##....#≈# ...##
##≈##..##§#


There were no monsters in sight!

Vanquished Creatures
  Cerebov (Pan)
  Asmodeus (Geh:7)
  the Royal Jelly (Slime:5)
  Dissolution (Slime:2)
  Ignacio (Pan)
  Gloorx Vloq (Pan)
  Mnoleg (Pan)
  Lom Lobon (Pan)
  the Serpent of Hell (Geh:7)
  Dispater (Dis:7)
  2 dread liches
  3 ancient liches
  2 juggernauts (Depths:3)
  Josephina (Crypt:2)
  31 royal mummies
  Margery (Vaults:3)
  Vv (Crypt:3)
  Boris (twice) (Depths:4 Tomb:2)
  Saint Roka (Depths:2)
  18 caustic shrikes (Dis:7)
  Bai Suzhen (Vaults:2)
  Geryon (Hell)
  5 profane servitors
  2 golden dragons (Vaults:4)
  10 pandemonium lords (Pan)
  6 doom hounds (Depths:1)
  12 Brimstone Fiends
  4 iron giants
  2 bone dragons
  6 hellephants
  4 Tzitzimimeh
  A shard shrike zombie (Crypt:3)
  24 Hell Sentinels
  Zenata (Vaults:3)
  An Ice Fiend (Hell)
  7 tentacled monstrosities
  Rupert (D:12)
  5 liches
  17 searing wretches
  2 titans
  A deep elf master archer (Elf:3)
  4 deep elf blademasters
  A quicksilver dragon (Vaults:5)
  44 ancient champions
  28 Executioners
  4 krakens
  19 sphinxes
  15 acid blobs
  2 tentacled starspawn (Abyss:3)
  8 tengu reavers
  Agnes (D:14)
  4 storm dragons
  16 rockslimes
  8 revenants
  A draconian knight (Depths:4)
  9 azure jellies
  A nagaraja (Abyss:3)
  14 frost giants
  A shadow dragon (Vaults:4)
  17 fire giants
  A caustic shrike zombie (Depths:3)
  7 demonspawn warmongers (Pan)
  6 iron dragons
  8 quicksilver elementals
  6 emperor scorpions
  4 deep elf sorcerers
  4 deep elf elementalists
  4 ghost moths
  Aizul (Elf:2)
  A spectral juggernaut (Tar:1)
  3 curse skulls
  50 balrugs
  11 vault wardens
  A draconian stormcaller (Depths:4)
  12 quicksilver oozes
  3 broodmothers
  8 ghouls
  13 ironbound preservers
  16 cacodemons
  34 very ugly things
  2 draconian annihilators (Pan)
  A draconian shifter (Depths:4)
  6 demonspawn corrupters (Pan)
  2 orc warlords
  6 ironbound thunderhulks
  A caustic shrike skeleton (Crypt:2)
  A juggernaut skeleton (Pan)
  7 demonspawn blood saints (Pan)
  A green draconian (Depths:4)
  2 spriggan defenders (Depths:2)
  26 reapers
  29 war gargoyles
  12 stone giants
  11 vampire knights
  10 bennus (Tomb:3)
  10 demonspawn black suns (Pan)
  5 putrid mouths
  24 dire elephants
  3 white draconians
  An elemental wellspring (Hell)
  17 lorocyprocas
  Azrael (D:15)
  A purple draconian (Depths:4)
  2 red draconians (Depths:4)
  8 deep elf annihilators
  4 deep elf demonologists
  9 deep elf death magi
  7 eidola
  2 spark wasps
  28 iron golems
  A crystal guardian (Vaults:2)
  7 ettins
  12 merfolk impalers
  21 green deaths
  4 jiangshi
  24 mummy priests
  7 merfolk javelineers
  7 deep elf high priests
  15 blizzard demons (Pan)
  15 yaktaur captains
  2 entropy weavers
  A spectral golden dragon (Tar:3)
  2 fire dragons
  A spectral shadow dragon (Tar:1)
  3 spectral spriggans (Tar:1)
  34 vault guards
  6 hydras
  6 ice dragons
  9 hell beasts
  The ghost of Rudyous the Fighter, a journeyman DsFE of Vehumet (Lair:1)
  15 great orbs of eyes
  11 salamander tyrants
  2 spriggan zombies (Crypt:1)
  Erolcha (D:13)
  11 ironbound frosthearts
  5 catoblepae
  3 jorogumos
  2 peacekeepers
  5 rakshasas
  A spriggan air mage (Depths:4)
  5 alligator snapping turtles
  2 merfolk avatars
  A bennu zombie (Crypt:3)
  13 centaur warriors
  2 ogre magi
  A radroach (Spider:2)
  2 death knights
  9 boulder beetles
  24 dancing weapons
  7 merfolk aquamancers
  11 stokers
  3 two-headed ogres
  52 death scarabs
  4 satyrs
  15 death yaks
  8 deep troll earth magi
  4 tengu warriors
  An orc high priest (Orc:1)
  3 spectral dire elephants
  32 hell hogs
  25 hell knights
  3 thrashing horrors (Abyss:3)
  A storm dragon zombie (Crypt:1)
  A vampire mage (Crypt:2)
  5 deep troll shamans
  3 spriggan berserkers (Depths:4)
  A shock serpent (shapeshifter) (Vaults:5)
  40 soul eaters
  18 deep elf knights
  65 sun demons
  A titan zombie (Crypt:3)
  12 iron trolls
  Sonja (D:12)
  8 crystal echidnas
  24 sixfirhies
  2 skysharks (Shoals:1)
  3 wretched stars
  A titan skeleton (Crypt:1)
  42 deep trolls
  10 shadow wraiths
  10 flayed ghosts
  A storm dragon skeleton (Crypt:3)
  4 pharaoh ants (Spider:4)
  8 sea snakes
  3 orb spiders (Spider:1)
  9 shadow demons (Pan)
  22 skeletal warriors
  A spectral iron dragon (Tar:1)
  2 anaconda zombies (Crypt:3)
  An orange crystal statue (IceCv)
  14 ironbound convokers
  A glowing orange brain (shapeshifter) (Vaults:4)
  A bog body (Crypt:2)
  A deep troll (shapeshifter) (Vaults:4)
  5 glowing orange brains
  16 wizards
  3 lindwurms (Vaults:1)
  A spectral wolf spider (Spider:4)
  5 steelbarb worms
  17 phantasmal warriors
  A golden dragon skeleton (Crypt:2)
  3 spectral hydras
  10 orc knights
  2 shadow dragon zombies
  2 swamp dragons
  54 ugly things
  9 deep elf archers
  A wolf spider zombie (Spider:4)
  A shadow dragon skeleton (Hell)
  12 harpies
  2 spriggan simulacra
  19 manticores
  32 deep elf pyromancers
  24 deep elf zephyrmancers
  16 necromancers
  11 wolf spiders
  7 orc sorcerers (Orc:2)
  A worldbinder (Abyss:3)
  17 cyclopes
  5 shining eyes
  14 fauns
  A moth of wrath (shapeshifter) (Vaults:4)
  A fire giant skeleton (Crypt:3)
  2 spectral centaurs (Tar:1)
  20 elephants
  2 centaur zombies
  An iron dragon skeleton (Hell)
  2 water nymphs (shapeshifter)
  An apocalypse crab (Abyss:3)
  A will-o-the-wisp (Lair:4)
  A dire elephant zombie (Crypt:1)
  A toenail golem (Pan)
  4 merfolk sirens
  4 moths of wrath
  An eye of devastation (shapeshifter) (Vaults:4)
  5 rust devils
  11 water nymphs
  A titan simulacrum (Hell)
  20 orange demons (Pan)
  21 vault sentinels
  9 molten gargoyles
  2 black mambas
  Maurice (D:8)
  4 torpor snails
  28 demonic crawlers
  3 eyes of devastation
  2 centaur skeletons
  An orb spider zombie (Crypt:2)
  71 smoke demons
  11 cane toads
  2 death yak zombies
  3 gargoyles
  14 rime drakes
  A sea snake zombie (Crypt:3)
  17 tormentors
  4 spectral redbacks (Spider:4)
  An orc skeleton (Crypt:1)
  An alligator snapping turtle skeleton (Crypt:3)
  5 efreet (Pan)
  7 freezing wraiths
  19 hellions
  2 redback zombies (Spider:4)
  5 unseen horrors
  An iron troll zombie (Crypt:1)
  4 kobold demonologists
  8 komodo dragons
  A red draconian skeleton (Crypt:1)
  37 yaktaurs
  2 tengu conjurers
  2 red devils (Pan)
  42 guardian mummies
  A harpy zombie (Crypt:3)
  5 ancient zymes
  4 spectral nagas (Tar:1)
  11 trolls
  3 ice devils
  18 tarantellas
  5 meliai
  A silent spectre (Tar:2)
  20 hellwings (Pan)
  A wind drake (shapeshifter) (Abyss:2)
  2 spectral culicivoras (Spider:4)
  9 wind drakes
  19 polar bears
  26 merfolk
  A blink frog (shapeshifter) (Abyss:2)
  2 raiju
  An ice dragon zombie (Crypt:1)
  7 spectral jumping spiders (Spider:4)
  A satyr zombie (Crypt:2)
  18 dream sheep
  2 jumping spider zombies (Spider:4)
  18 blink frogs
  3 spectral tarantellas (Spider:4)
  2 culicivora zombies (Spider:4)
  Prince Ribbit (D:8)
  2 hydra skeletons
  9 snapping turtles
  An ettin zombie (Crypt:2)
  A boulder beetle zombie (Crypt:1)
  20 jumping spiders
  A raiju (shapeshifter) (D:10)
  28 water elementals
  A fire dragon skeleton (Crypt:2)
  7 vampires
  2 centaur simulacra
  A slime creature zombie (Crypt:3)
  7 air elementals
  34 flying skulls
  36 ynoxinuls (Pan)
  12 culicivoras
  81 slime creatures
  A shadow (D:9)
  An ettin skeleton (Hell)
  A yak (shapeshifter) (Vaults:4)
  5 wyverns
  26 ushabtiu
  10 wraiths
  15 neqoxecs
  55 yaks
  7 fire elementals
  7 basilisks
  A hog (shapeshifter) (Vaults:3)
  41 redbacks
  A basilisk (shapeshifter) (Elf:3)
  27 chaos spawn
  2 golden eyes
  4 vampire mosquitoes
  A steam dragon (D:7)
  A black mamba skeleton (Pan)
  8 wargs
  4 small abominations
  A hydra simulacrum (Crypt:1)
  2 naga zombies
  2 acid dragons (D:13)
  A naga skeleton (Crypt:2)
  6 water moccasins
  A floating eye (shapeshifter) (Depths:3)
  2 hell hounds (D:15)
  A merfolk skeleton (Crypt:2)
  A cane toad skeleton (Crypt:2)
  28 large abominations
  37 orc warriors
  A swamp drake (Lair:4)
  2 ice beasts
  4 black bears
  13 wolves
  17 centaurs
  A swamp dragon skeleton (Crypt:1)
  4 starcursed masses (Abyss:3)
  7 ogres
  A fire crab zombie (Crypt:1)
  A draconian zombie (Crypt:3)
  2 kobold brigands
  5 gnoll sergeants
  11 bullfrogs
  3 earth elementals
  A scorpion (D:4)
  14 wights
  12 killer bees
  A raiju skeleton (Crypt:2)
  6 electric eels
  2 vampire bats
  A yak skeleton (Crypt:3)
  6 howler monkeys
  A crimson imp (Abyss:3)
  A quasit (Abyss:2)
  3 hounds
  8 jellies
  11 orc priests
  A gnoll bouda (Orc:2)
  3 sleepcaps
  Jessica (D:3)
  Ijyb (D:5)
  Natasha (thrice) (D:4)
  A human skeleton (Crypt:1)
  46 orc wizards
  An acid dragon zombie (Crypt:1)
  52 mummies
  25 gnolls
  6 adders
  A shadow imp (D:8)
  2 white imps
  4 worms
  5 dart slugs
  118 orcs
  7 bats
  5 endoplasms
  4 giant cockroaches
  A gnoll zombie (Crypt:1)
  14 goblins
  7 hobgoblins
  7 jackals
  31 kobolds
  6 quokkas
  8 ball pythons
  An endoplasm zombie (Crypt:1)
  10 frilled lizards
  A jackal skeleton (Crypt:2)
  4 rats
  9 creeping infernos
  25 fire vortices
  A lurking horror (Abyss:3)
  16 tentacles
3581 creatures vanquished.

Vanquished Creatures (collateral kills)
  An acid blob (Slime:1)
  2 cacodemons (Dis:7)
  A bullfrog (D:8)
4 creatures vanquished.

Vanquished Creatures (others)
  An Ice Fiend (Pan)
  A kraken (Shoals:2)
  A fire giant (Geh:1)
  A very ugly thing (Vaults:4)
  A lorocyproca (Pan)
  A blizzard demon (Pan)
  A deep elf high priest (Elf:3)
  A caustic shrike simulacrum (Crypt:2)
  An ogre mage (Vaults:5)
  A hell hog (Geh:1)
  3 deep elf knights
  A sixfirhy (Abyss:2)
  A large abomination (Pan)
  A deep elf archer (Elf:2)
  2 spriggan simulacra (Crypt:2)
  A deep elf zephyrmancer (Elf:2)
  An iron dragon skeleton (Hell)
  An eye of devastation (shapeshifter) (Vaults:5)
  2 molten gargoyles
  A bunyip simulacrum (Crypt:2)
  A tormentor (Geh:1)
  A freezing wraith (Vaults:4)
  A hellwing (Pan)
  A flying skull (Tomb:3)
  A dream sheep (Shoals:1)
  2 ynoxinuls (Pan)
  A naga simulacrum (Crypt:2)
  A neqoxec (Pan)
  An orc (Vaults:5)
  A butterfly (D:8)
  2 foxfires (Lair:4)
  25 fungi
  71 plants
  8 starspawn tentacles
  17 tentacles
158 creatures vanquished.

Grand Total: 3743 creatures vanquished

Notes
Turn   | Place    | Note
-------+----------+-------------------------------------------
     0 | D:1      | holysushi the Vine Stalker Monk began the quest for the
                  | Orb.
     0 | D:1      | Reached XP level 1. HP: 11/11 MP: 2/2
   132 | D:1      | Reached XP level 2. HP: 16/16 MP: 3/3
   223 | D:1      | Reached skill level 1 in Spellcasting
   488 | D:2      | Reached XP level 3. HP: 18/19 MP: 4/6
  1000 | D:2      | Gained mutation: Your natural rate of healing is unusually
                  | fast. [Vine Stalker growth]
  1000 | D:2      | Reached XP level 4. HP: 4/23 MP: 3/7
  1002 | D:2      | HP: 1/23 [rat (1)]
  1966 | D:3      | Reached XP level 5. HP: 27/27 MP: 7/9
  2435 | D:3      | Noticed Jessica
  2438 | D:3      | Killed Jessica
  2520 | D:3      | Found a runed translucent door.
  2521 | D:3      | Noticed Crazy Yiuf
  2820 | D:4      | Reached XP level 6. HP: 32/32 MP: 11/11
  2899 | D:4      | Reached skill level 5 in Short Blades
  2970 | D:4      | Found a stormy altar of Qazlal.
  3097 | D:4      | Reached skill level 3 in Dodging
  3106 | D:4      | Identified the ring "Icis" {EV+5 Str+3}
  3259 | D:4      | Noticed Natasha
  3261 | D:4      | Killed Natasha
  3303 | D:4      | Noticed Natasha
  3314 | D:4      | Killed Natasha
  3343 | D:4      | Noticed Natasha
  3352 | D:4      | Killed Natasha
  3407 | D:5      | Entered Level 5 of the Dungeon
  3452 | D:5      | Reached XP level 7. HP: 26/35 MP: 8/13
  3687 | D:5      | Found a bloodstained altar of Trog.
  3702 | D:5      | Noticed Ijyb
  3705 | D:5      | Killed Ijyb
  3742 | D:5      | Found a runed translucent gate.
  3742 | D:5      | Found a runed translucent gate.
  3742 | D:5      | Found a runed translucent gate.
  3743 | D:5      | Noticed dufus's ghost (amateur GnMo)
  3889 | D:5      | Noticed Eustachio
  3896 | D:5      | Eustachio changed into Eustachio the frilled lizard
  3896 | D:5      | Noticed Eustachio
  3903 | D:5      | Killed Eustachio the frilled lizard
  4665 | D:5      | Identified a scroll of acquirement
  4665 | D:5      | Acquired 775 gold pieces
  4934 | D:6      | Reached skill level 1 in Shields
  4934 | D:6      | Gained mutation: You have razor-sharp teeth. [Vine Stalker
                  | growth]
  4934 | D:6      | Reached XP level 8. HP: 39/39 MP: 11/14
  5715 | D:7      | Reached XP level 9. HP: 9/43 MP: 9/15
  5807 | D:7      | Found a staircase to the Ecumenical Temple.
  5886 | Temple   | Entered the Ecumenical Temple
  6030 | D:7      | Found an opulent altar of Gozag.
  6075 | D:7      | Became a worshipper of Gozag Ym Sagoz the Greedy
  6140 | D:7      | Reached skill level 10 in Short Blades
  6159 | D:7      | Bought a fabulously ornate robe for 153 gold pieces
  6159 | D:7      | Identified the +1 robe of Boredom {rElec rF- rCorr} (You
                  | bought it in a shop on level 7 of the Dungeon)
  6161 | D:7      | Bought a heavily runed leather armour for 189 gold pieces
  6161 | D:7      | Identified the +1 leather armour of the Insatiable Portals
                  | {-Tele Harm Fly Int+3} (You bought it in a shop on level 7
                  | of the Dungeon)
  6654 | D:8      | Noticed Maurice
  6711 | D:8      | Found a blossoming altar of Fedhas.
  6711 | D:8      | Found a glowing silver altar of Zin.
  6799 | D:8      | Found a white marble altar of Elyvilon.
  6901 | D:8      | Reached XP level 10. HP: 43/47 MP: 16/16
  7057 | D:8      | Found a shimmering altar of Xom.
  7122 | D:8      | Killed Maurice
  7466 | D:9      | Noticed Prince Ribbit
  7516 | D:8      | Killed Prince Ribbit
  7843 | D:9      | Acquired the ring of Rusu Xui {rN+ MP+9 Dex+3}
  8162 | D:10     | Entered Level 10 of the Dungeon
  8175 | D:10     | Noticed a gargoyle
  8210 | D:10     | Killed a gargoyle
  8251 | D:10     | Noticed a kobold demonologist
  8265 | D:10     | Killed a kobold demonologist
  8345 | D:10     | Found a flagged portal.
  8351 | D:10     | Identified the +0 chain mail of the Gloaming {*Slow
                  | Will+++}
  8366 | D:10     | Reached XP level 11. HP: 52/52 MP: 17/17
  8387 | Bailey   | Entered a bailey
  8404 | Bailey   | Noticed an orc knight
  8499 | Bailey   | Killed an orc knight
  8500 | Bailey   | Reached skill level 4 in Dodging
  8996 | D:10     | Noticed a cyclops
  8996 | D:10     | Noticed an ogre mage
  9168 | D:10     | Found a staircase to the Orcish Mines.
  9247 | D:10     | Reached skill level 5 in Stealth
  9294 | D:10     | Noticed a boulder beetle
  9335 | D:10     | Reached skill level 5 in Dodging
  9429 | D:11     | Learned a level 1 spell: Apportation
  9509 | D:11     | Reached skill level 5 in Fighting
  9606 | D:11     | Reached skill level 6 in Dodging
  9928 | D:11     | Noticed a two-headed ogre
  9930 | D:11     | Killed a two-headed ogre
  9931 | D:11     | Reached skill level 7 in Dodging
 10009 | D:11     | Found a staircase to the Lair.
 10094 | D:11     | Noticed a cyclops
 10132 | D:11     | Killed a cyclops
 10133 | D:11     | Reached XP level 12. HP: 60/60 MP: 18/18
 10307 | Lair:1   | Entered Level 1 of the Lair of Beasts
 10384 | Lair:1   | Reached skill level 8 in Dodging
 10619 | Lair:1   | Noticed Rudyous's ghost (journeyman DsFE)
 10627 | Lair:1   | Found a transporter.
 10631 | Lair:1   | Noticed a boulder beetle
 10847 | Lair:1   | Found a transporter.
 11310 | Lair:2   | Reached skill level 9 in Dodging
 11985 | Lair:3   | Found a hole to the Spider Nest.
 12078 | Lair:3   | Reached skill level 10 in Dodging
 12287 | Lair:3   | Reached XP level 13. HP: 57/63 MP: 19/19
 12296 | Lair:3   | Reached skill level 11 in Dodging
 12936 | Lair:3   | Found a staircase to the Shoals.
 13185 | Lair:4   | Found a staircase to the Slime Pits.
 13651 | Lair:5   | Entered Level 5 of the Lair of Beasts
 13670 | Lair:5   | Reached skill level 12 in Dodging
 13846 | Lair:5   | Reached skill level 10 in Stealth
 14127 | Lair:5   | Reached XP level 14. HP: 48/72 MP: 20/20
 14269 | Lair:5   | Reached skill level 13 in Dodging
 15140 | Lair:5   | Reached skill level 14 in Dodging
 15347 | Lair:5   | Acquired 694 gold pieces
 15495 | Lair:5   | Got the Quarto of Heated Congelation
 16389 | Lair:1   | Killed Rudyous's ghost
 16413 | Lair:1   | Identified the +2 cloak "Meimemeb" {-Cast Str+5 Slay+5
                  | SInv}
 16552 | D:12     | Noticed Sonja
 16562 | D:12     | Killed Sonja
 17141 | D:12     | Reached skill level 15 in Dodging
 17287 | D:12     | Noticed Rupert
 17305 | D:12     | Killed Rupert
 17306 | D:12     | Reached skill level 1 in Evocations
 17323 | D:12     | Reached XP level 15. HP: 57/77 MP: 22/22
 17438 | D:12     | You fall into a shaft and drop 1 floor!
 17652 | D:12     | Reached skill level 5 in Spellcasting
 17766 | D:12     | Found the +6 arbalest "Damnation" {damnation}
 18307 | D:10     | Found a sparkling altar of Nemelex Xobeh.
 18310 | D:10     | Found a hazy altar of Hepliaklqana.
 18445 | D:10     | Got the Compendium of Venomous Fire
 18463 | D:10     | Found an opulent altar of Gozag.
 18463 | D:10     | Found a bloodstained altar of Trog.
 19116 | D:13     | Reached skill level 1 in Ranged Weapons
 19254 | D:13     | Found a runed translucent door.
 19257 | D:13     | Noticed Zedil's ghost (journeyman VSBr)
 19266 | D:13     | Noticed Erolcha
 19269 | D:13     | Killed Erolcha
 19458 | D:14     | Found a flickering gateway to a bazaar.
 19484 | D:14     | Found a gate to the Vaults.
 19607 | D:14     | Reached skill level 16 in Dodging
 19673 | D:14     | Noticed Agnes
 19684 | D:14     | Killed Agnes
 19726 | Bazaar   | Entered a bazaar
 19816 | Bazaar   | Found Zeumpues's Book Shop.
 19833 | Bazaar   | Found Rupsomas's Assorted Antiques.
 19849 | Bazaar   | Found Jozukyja's Antique Armour Shoppe.
 19868 | Bazaar   | Found Otzetwara's Antique Weapon Emporium.
 20132 | D:14     | Found Tulat's Distillery.
 20144 | D:14     | Reached XP level 16. HP: 81/81 MP: 29/29
 20547 | D:14     | Found Xeuficui's Assorted Antiques.
 20556 | D:14     | Bought a scroll of teleportation for 90 gold pieces
 20556 | D:14     | Bought a scroll of teleportation for 90 gold pieces
 20764 | D:15     | Entered Level 15 of the Dungeon
 20825 | D:15     | Identified the +2 leather armour "Bylis" {rCorr Str+2}
 20836 | D:15     | Identified Roxanne's Omnibus of the Crater
 20836 | D:15     | Noticed Roxanne
 21107 | D:15     | Found a staircase to the Depths.
 21469 | D:11     | Bought a +2 robe of willpower for 247 gold pieces
 21505 | Orc:1    | Entered Level 1 of the Orcish Mines
 21532 | Orc:1    | Found Rufi's Armour Shop.
 21537 | Orc:1    | Bought the +0 ring mail of Qehuic {Rampage Will- Dex+9} for
                  | 359 gold pieces
 22195 | Orc:2    | Entered Level 2 of the Orcish Mines
 22195 | Orc:2    | Found Qovuxuo's Assorted Antiques.
 22336 | Orc:2    | Reached skill level 5 in Ranged Weapons
 22396 | Orc:2    | Found Uthrodd's Magic Scroll Shoppe.
 22396 | Orc:2    | Found Aqis's Jewellery Boutique.
 22644 | Orc:2    | Found Ningas's Weapon Boutique.
 22666 | Orc:2    | Found Satobets's Jewellery Shoppe.
 22724 | Orc:2    | Found a staircase to the Elven Halls.
 22771 | Orc:2    | Found a transporter.
 22789 | Orc:2    | Found a bloodstained altar of Trog.
 22789 | Orc:2    | Noticed Sigmada's ghost (journeyman DsNe)
 22801 | Orc:2    | Found a transporter.
 22916 | Orc:2    | Bought a scroll of teleportation for 36 gold pieces
 22925 | Orc:2    | Bought the ring "Xosmosuw" {Fly rF+ rN+ Str-4 Dex+6} for
                  | 718 gold pieces
 23333 | Elf:1    | Entered Level 1 of the Elven Halls
 23493 | D:11     | Bought the +1 cloak of Starlight {*Dazzle EV+4 Stlth--} for
                  | 427 gold pieces
 23493 | D:11     | Found the +1 cloak of Starlight {*Dazzle EV+4 Stlth--}
 23782 | Elf:1    | Reached skill level 10 in Spellcasting
 24204 | Elf:1    | Reached skill level 17 in Dodging
 24286 | Elf:1    | Got the Almanac of Destruction
 24721 | Elf:2    | Paralysed by an air elemental for 1 turns
 24730 | Elf:2    | Paralysed by an air elemental for 1 turns
 24838 | Elf:2    | Reached XP level 17. HP: 88/88 MP: 32/32
 24951 | Orc:2    | Bought the ring "Vass" {rElec rPois rCorr Str-5 Dex+5} for
                  | 496 gold pieces
 25358 | Elf:2    | Found a runed translucent gate.
 25359 | Elf:2    | Found a runed translucent gate.
 25359 | Elf:2    | Found a runed translucent gate.
 25446 | Elf:2    | Noticed Aizul
 25481 | Elf:2    | Killed Aizul
 26237 | Elf:2    | Reached skill level 18 in Dodging
 26704 | D:15     | Noticed Azrael
 26733 | D:15     | Killed Azrael
 27066 | Shoals:1 | Entered Level 1 of the Shoals
 27068 | Shoals:1 | Noticed a kraken
 27157 | Shoals:1 | Killed a kraken
 28023 | Shoals:2 | Noticed a kraken
 28023 | Shoals:2 | Noticed a kraken
 28023 | Shoals:2 | Noticed a kraken
 28023 | Shoals:2 | Noticed a kraken
 28414 | Shoals:2 | Killed a kraken
 28415 | Shoals:2 | Reached skill level 19 in Dodging
 28497 | Shoals:2 | Killed a kraken
 28623 | Shoals:2 | Killed a kraken
 28653 | Shoals:2 | Killed a kraken
 29484 | Shoals:2 | Reached XP level 18. HP: 91/93 MP: 33/33
 29674 | Shoals:3 | Found a frozen archway.
 29683 | IceCv    | Entered an ice cave
 31719 | Shoals:4 | Entered Level 4 of the Shoals
 31720 | Shoals:4 | Identified the ring "Ifomios" {Will+ MP+9 Dex+3}
 32275 | Shoals:4 | Paralysed by an air elemental for 1 turns
 32291 | Shoals:4 | Paralysed by an air elemental for 1 turns
 32564 | Shoals:4 | Reached skill level 20 in Dodging
 32566 | Shoals:4 | Noticed a titan
 32777 | Spider:1 | Entered Level 1 of the Spider Nest
 33652 | Spider:2 | Identified the +1 cloak of Milinuanou {Dex+4 SInv}
 33682 | Spider:2 | Reached XP level 19. HP: 90/96 MP: 35/35
 33984 | Spider:2 | Reached skill level 15 in Stealth
 35676 | Spider:3 | Identified the +2 pair of gloves of Lachrymose Wonder
                  | {*Slow +Inv rElec}
 35852 | Spider:4 | Entered Level 4 of the Spider Nest
 38077 | Spider:4 | Got a gossamer rune of Zot
 39058 | Elf:3    | Entered Level 3 of the Elven Halls
 40044 | Elf:3    | Identified the +6 glaive "Dragon's Tongue" {protect,
                  | Fragile rN+ Dex+6 Stlth+}
 40056 | Elf:3    | Noticed an Ice Fiend
 40222 | Elf:3    | Reached XP level 20. HP: 101/101 MP: 39/39
 40910 | Elf:3    | Identified the +4 quarterstaff of Inflation {heavy, *Rage
                  | rN+ Stlth+}
 40932 | Elf:3    | Reached skill level 21 in Dodging
 41566 | Elf:3    | Found the +6 lightning scales {swift, rElec}
 41576 | Elf:3    | Got the Handbook of the Magi
 41593 | Elf:3    | Identified the +0 cloak of Uskayaw's Grace {rElec rC+
                  | Regen+}
 41599 | Elf:3    | Identified the +0 pair of gloves "Vykou" {rN+ rCorr Dex+3}
 41615 | Elf:3    | Identified the staff of poison "Cusoc" {rPois rF+ rC+
                  | Will-}
 41618 | Elf:3    | Identified the +3 dagger "Deoq" {drain, rF- rC++ Str+3
                  | Dex-5}
 41684 | Elf:3    | Identified the +2 scale mail "Alusadie" {rC- rN+++ Will+
                  | Str-4}
 41823 | Elf:3    | Found Rufuthrur's Assorted Antiques.
 41829 | Elf:3    | Bought a scroll of teleportation for 120 gold pieces
 41829 | Elf:3    | Bought a scroll of teleportation for 120 gold pieces
 41968 | Elf:3    | Found a transporter.
 42201 | Elf:3    | Found a transporter.
 42321 | Elf:3    | Noticed roninjake's ghost (adept MiFi)
 43196 | Shoals:4 | Got a barnacled rune of Zot
 43400 | Shoals:4 | Found a stormy altar of Qazlal.
 43468 | Shoals:4 | Reached skill level 22 in Dodging
 43613 | Shoals:4 | Identified the +2 mace of Amorality {freeze, *Noise rElec
                  | rCorr}
 44129 | Vaults:1 | Entered Level 1 of the Vaults
 45009 | Vaults:1 | Bought the +2 hood of the Assassin {Detect Stab+ Stlth++}
                  | for 1980 gold pieces
 45009 | Vaults:1 | Found the +2 hood of the Assassin {Detect Stab+ Stlth++}
 45014 | Vaults:1 | Bought the +3 robe of Clouds {*Thunder rCloud rElec} for
                  | 980 gold pieces
 45014 | Vaults:1 | Found the +3 robe of Clouds {*Thunder rCloud rElec}
 45107 | Vaults:1 | Reached XP level 21. HP: 98/105 MP: 40/40
 45853 | Vaults:2 | Reached skill level 23 in Dodging
 46631 | Vaults:2 | Found a staircase to the Crypt.
 46631 | Vaults:2 | Found an ancient bone altar of Kikubaaqudgha.
 46631 | Vaults:2 | Found a basalt altar of Yredelemnul.
 46965 | Vaults:2 | Noticed Bai Suzhen
 46998 | Vaults:2 | Killed Bai Suzhen
 47223 | Vaults:2 | Identified the staff of cold "Gimiy" {rElec rC+ rN++ MP+9
                  | Str-3}
 47308 | Vaults:2 | You are sucked into a shaft and drop 2 floors!
 47437 | Vaults:4 | Reached skill level 24 in Dodging
 47679 | Vaults:4 | Paralysed by a great orb of eyes for 5 turns
 47876 | Vaults:4 | Found Ynimahih's Antique Weapon Emporium.
 47948 | Vaults:4 | Reached XP level 22. HP: 109/109 MP: 41/41
 48095 | Vaults:4 | Noticed a golden dragon
 48110 | Vaults:4 | Noticed Luiw's ghost (veteran HOBe)
 48112 | Vaults:4 | Noticed Yptir's ghost (adept AtFE)
 48115 | Vaults:4 | Found a transporter.
 48119 | Vaults:4 | Found a transporter.
 48674 | Vaults:5 | Entered Level 5 of the Vaults
 48770 | Vaults:5 | Noticed a dread lich
 48796 | Vaults:5 | Reached skill level 25 in Dodging
 48925 | Vaults:4 | Killed a dread lich
 49043 | Vaults:3 | Noticed Margery
 49076 | Vaults:3 | Killed Margery
 50183 | Vaults:3 | Noticed Zenata
 50186 | Vaults:3 | Killed Zenata
 50890 | Vaults:4 | Reached skill level 26 in Dodging
 50900 | Vaults:5 | Noticed an ancient lich
 51426 | Vaults:4 | Reached XP level 23. HP: 101/114 MP: 36/42
 51541 | Vaults:4 | Killed an ancient lich
 51651 | Vaults:5 | Noticed a golden dragon
 51741 | Vaults:4 | Killed a golden dragon
 51810 | Vaults:5 | Noticed a golden dragon
 51870 | Vaults:4 | Killed a golden dragon
 52167 | Vaults:5 | Noticed an ancient lich
 52289 | Vaults:4 | HP: 1/114 [something/crystal spear (44)]
 52557 | Vaults:4 | Found a transporter.
 52562 | Vaults:4 | Found a transporter.
 52715 | Vaults:4 | Killed an ancient lich
 52825 | Vaults:5 | Identified the ring "Qanoipei" {rPois rN+}
 53011 | Vaults:5 | Reached skill level 27 in Dodging
 53259 | Vaults:5 | Found Vyiwaew's Armour Boutique.
 53486 | Vaults:5 | Got a silver rune of Zot
 53787 | Vaults:5 | Identified the +8 lajatang of the Median {speed, rElec}
 54079 | Vaults:4 | Found Ynimahih's Antique Weapon Emporium.
 54723 | Depths:1 | Entered Level 1 of the Depths
 54773 | Depths:1 | Identified the +3 scale mail of Elyvilon {SInv}
 54871 | Depths:1 | Reached skill level 15 in Spellcasting
 54881 | Depths:1 | Found a gateway to Hell.
 55036 | Depths:1 | Found a one-way gateway to a ziggurat.
 55049 | Depths:1 | Found a shimmering altar of Xom.
 55844 | Abyss:2  | Cast into level 2 of the Abyss (hell knight)
 55889 | Abyss:2  | Found a corrupted altar of Lugonu.
 55913 | Abyss:2  | Found a corrupted altar of Lugonu.
 55913 | Abyss:2  | Found a corrupted altar of Lugonu.
 55965 | Abyss:2  | Found a corrupted altar of Lugonu.
 56296 | Abyss:3  | Noticed a dread lich
 56356 | Abyss:3  | Killed a dread lich
 56430 | Abyss:3  | Reached XP level 24. HP: 82/119 MP: 44/44
 56487 | Abyss:3  | Paralysed by accursed screaming for 1 turns
 56583 | Abyss:3  | Got an abyssal rune of Zot
 56700 | Depths:2 | Escaped the Abyss
 56877 | Depths:2 | Identified the +0 robe of Koar {Slay+2}
 56962 | Depths:2 | Noticed Saint Roka
 57000 | Depths:2 | Killed Saint Roka
 57279 | Depths:2 | Found a one-way gate leading to the halls of Pandemonium.
 57617 | Depths:3 | Found a one-way gate to the infinite horrors of the Abyss.
 57679 | Depths:3 | Identified the ring "Ollieduc" {rC+ Str+7}
 57868 | Depths:3 | Found a runed translucent door.
 57868 | Depths:3 | Noticed strangelove's ghost (master GrEE)
 58164 | Depths:3 | Found the amulet of Vitality {RegenMP++ Regen++}
 58275 | Depths:3 | Noticed a juggernaut
 58329 | Depths:3 | Killed a juggernaut
 58754 | Depths:3 | Found an ancient bone altar of Kikubaaqudgha.
 58891 | Depths:4 | Entered Level 4 of the Depths
 58901 | Depths:4 | Noticed a juggernaut
 59104 | Depths:3 | Killed a juggernaut
 59461 | Depths:4 | Noticed Boris
 59621 | Depths:4 | Found a large runed translucent door.
 59621 | Depths:4 | Found a large runed translucent door.
 59623 | Depths:4 | Noticed Xutext's ghost (adept DsAK)
 59685 | Depths:4 | Found a gate to the Realm of Zot.
 60015 | Depths:4 | Killed Boris
 60709 | Slime:1  | Entered Level 1 of the Pits of Slime
 61213 | Lair:4   | Acquired 374 gold pieces
 61382 | Lair:4   | Bought a scintillating steel amulet for 170 gold pieces
 61382 | Lair:4   | Identified the amulet "Tafaol" {Faith rPois Str-4 Int+3
                  | Stlth+} (You bought it in a shop on level 4 of the Lair of
                  | Beasts)
 61386 | Lair:4   | Bought a buzzing leather armour for 301 gold pieces
 61386 | Lair:4   | Identified the +1 leather armour of Juwn {Harm rElec Str+3}
                  | (You bought it in a shop on level 4 of the Lair of Beasts)
 61386 | Lair:4   | Bought a scroll of enchant weapon for 322 gold pieces
 61392 | Lair:4   | Bought the ring of Accord {rF+ Will+ Dex+4 SInv} for 619
                  | gold pieces
 61708 | Crypt:1  | Entered Level 1 of the Crypt
 61716 | Crypt:1  | Reached skill level 10 in Fighting
 61828 | Crypt:1  | Reached XP level 25. HP: 123/123 MP: 48/48
 62547 | Crypt:2  | Identified the ring of Lust {Ice Will+ Str+2 Stlth+}
 62547 | Crypt:2  | Noticed Josephina
 62695 | Crypt:2  | Killed Josephina
 62727 | Crypt:2  | Acquired 779 gold pieces
 62785 | Crypt:2  | Reached skill level 15 in Short Blades
 63559 | Crypt:3  | Entered Level 3 of the Crypt
 64169 | Crypt:3  | Identified the ring "Kaghecep" {rC+ rN+}
 64169 | Crypt:3  | Identified the ring of Dodosm {rN+ rCorr}
 64169 | Crypt:3  | Identified the ring "Helomuam" {rF+ rN+ Int+4}
 64186 | Crypt:3  | Found an ancient bone altar of Kikubaaqudgha.
 64186 | Crypt:3  | Found a basalt altar of Yredelemnul.
 64575 | Crypt:3  | Found a staircase to the Tomb.
 64655 | Crypt:3  | Noticed Vv
 64734 | Crypt:3  | Killed Vv
 64958 | Crypt:3  | Found the +8 demon blade "Leech" {evervamp, Harm Drain rN+}
 64961 | Crypt:3  | Identified the +0 chain mail "Lewing" {rCorr Str+3}
 64963 | Crypt:3  | Identified the +4 scale mail of Akkaniad {*Slow Int+2
                  | Dex+4}
 65623 | Tomb:1   | Entered Level 1 of the Tomb of the Ancients
 65893 | Tomb:1   | Reached skill level 5 in Evocations
 66056 | Tomb:1   | Reached XP level 26. HP: 102/135 MP: 48/48
 66321 | Tomb:1   | Noticed a royal mummy
 66321 | Tomb:1   | Noticed a royal mummy
 66346 | Tomb:1   | Killed a royal mummy
 66349 | Tomb:1   | HP: 6/136 [poisoned by an emperor scorpion]
 66511 | Tomb:1   | Killed a royal mummy
 66871 | Tomb:1   | Identified the +11 long sword of Noabyiso {antimagic,
                  | rElec}
 66904 | Tomb:2   | Noticed a royal mummy
 66910 | Tomb:2   | Noticed a royal mummy
 66914 | Tomb:2   | Noticed a royal mummy
 66943 | Tomb:1   | Killed a royal mummy
 66970 | Tomb:2   | Noticed a royal mummy
 66976 | Tomb:2   | Noticed Boris
 66990 | Tomb:2   | Killed a royal mummy
 66996 | Tomb:2   | Killed a royal mummy
 67004 | Tomb:2   | Killed Boris
 67045 | Tomb:2   | Killed a royal mummy
 67530 | Tomb:1   | Noticed a royal mummy
 67535 | Tomb:1   | Killed a royal mummy
 67617 | Tomb:1   | Noticed a royal mummy
 67620 | Tomb:1   | Killed a royal mummy
 67651 | Tomb:1   | Noticed a royal mummy
 67677 | Tomb:1   | Killed a royal mummy
 67811 | Tomb:1   | Noticed a royal mummy
 67818 | Tomb:1   | Killed a royal mummy
 67831 | Tomb:1   | Noticed a royal mummy
 67838 | Tomb:1   | Killed a royal mummy
 67861 | Tomb:1   | Noticed a royal mummy
 67864 | Tomb:1   | Noticed a royal mummy
 67876 | Tomb:1   | Noticed a royal mummy
 67879 | Tomb:1   | Killed a royal mummy
 67880 | Tomb:1   | Noticed a royal mummy
 67896 | Tomb:1   | Noticed a royal mummy
 67909 | Tomb:1   | Killed a royal mummy
 68123 | Tomb:1   | Killed a royal mummy
 68148 | Tomb:1   | Noticed a royal mummy
 68159 | Tomb:1   | Killed a royal mummy
 68178 | Tomb:1   | Killed a royal mummy
 68253 | Tomb:1   | Killed a royal mummy
 68278 | Tomb:1   | Noticed a royal mummy
 68279 | Tomb:1   | Noticed a royal mummy
 68280 | Tomb:1   | Noticed a royal mummy
 68280 | Tomb:1   | Noticed a royal mummy
 68564 | Tomb:1   | Killed a royal mummy
 68603 | Tomb:1   | Killed a royal mummy
 68786 | Tomb:1   | Killed a royal mummy
 68952 | Tomb:1   | Killed a royal mummy
 69220 | Tomb:3   | Entered Level 3 of the Tomb of the Ancients
 69322 | Tomb:3   | Noticed a royal mummy
 69322 | Tomb:3   | Noticed a royal mummy
 69322 | Tomb:3   | Noticed a royal mummy
 69322 | Tomb:3   | Noticed a royal mummy
 69402 | Tomb:3   | Killed a royal mummy
 69403 | Tomb:3   | Reached XP level 27. HP: 65/134 MP: 35/48
 69415 | Tomb:3   | Noticed a royal mummy
 69434 | Tomb:3   | Noticed a royal mummy
 69467 | Tomb:3   | Killed a royal mummy
 69467 | Tomb:3   | Killed a royal mummy
 69510 | Tomb:3   | Killed a royal mummy
 69567 | Tomb:3   | Killed a royal mummy
 69721 | Tomb:3   | Noticed a royal mummy
 69721 | Tomb:3   | Noticed a royal mummy
 69733 | Tomb:3   | Killed a royal mummy
 69740 | Tomb:3   | Killed a royal mummy
 69741 | Tomb:3   | Reached skill level 10 in Evocations
 69745 | Tomb:3   | Killed a royal mummy
 69746 | Tomb:3   | Reached skill level 15 in Fighting
 69804 | Tomb:3   | Noticed a royal mummy
 69931 | Tomb:3   | Identified the amulet of Fekhlew {Reflect Str-5 Dex+5 SH+5}
 69936 | Tomb:3   | Identified the +2 shortbow of the Warrior-Mage {flame, rF+}
 70034 | Tomb:3   | Identified the +5 scale mail of Mezucuop {rElec rPois
                  | Str+4}
 70087 | Tomb:3   | Killed a royal mummy
 70157 | Tomb:3   | Identified the +3 short sword "Gaelued" {flame, rC+ Int+5
                  | Dex+3}
 70176 | Tomb:3   | Identified the +9 morningstar "Aqarghioll" {venom, Str+7
                  | Stlth+}
 70352 | Tomb:3   | Got a golden rune of Zot
 70850 | Hell     | Entered the Vestibule of Hell
 70850 | Hell     | Noticed Geryon
 71519 | Hell     | Killed Geryon
 71663 | Hell     | Found a gateway to the decaying netherworld of Tartarus.
 71822 | Hell     | Found a gateway to the Iron City of Dis.
 71960 | Hell     | Found a gateway to the ashen valley of Gehenna.
 72090 | Tar:1    | Entered Level 1 of Tartarus
 72516 | Tar:1    | Noticed a royal mummy
 72579 | Tar:1    | Killed a royal mummy
 73350 | Pan      | Entered Pandemonium
 73731 | Pan      | Noticed Funaor the pandemonium lord
 73901 | Pan      | Killed Funaor the pandemonium lord
 74156 | Pan      | Gained mutation: Your magical capacity is low. (-10% MP) [a
                  | cacodemon]
 74161 | Pan      | Gained mutation: You occasionally shout uncontrollably at
                  | your foes. [a cacodemon]
 74631 | Pan      | Got a demonic rune of Zot
 74802 | Pan      | Noticed Gythal the pandemonium lord
 74829 | Pan      | Found an exit through the horrors of the Abyss.
 75037 | Pan      | Entered the realm of Lom Lobon.
 75774 | Pan      | Noticed Lom Lobon
 75789 | Pan      | Killed Lom Lobon
 75873 | Pan      | Got a magical rune of Zot
 76075 | Pan      | Noticed Ignacio
 76084 | Pan      | Killed Ignacio
 76446 | Pan      | Noticed Neimpuz the pandemonium lord
 76531 | Pan      | Noticed Alofoqy the pandemonium lord
 76640 | Pan      | Killed Alofoqy the pandemonium lord
 76765 | Pan      | Noticed Tiduuh the pandemonium lord
 76777 | Pan      | Killed Tiduuh the pandemonium lord
 77177 | Pan      | Found an exit through the horrors of the Abyss.
 77431 | Pan      | Noticed Cioffo the pandemonium lord
 77440 | Pan      | Entered the realm of Mnoleg.
 77465 | Pan      | Lost mutation: You occasionally shout uncontrollably at
                  | your foes. [a neqoxec]
 77503 | Pan      | Noticed Mnoleg
 77633 | Pan      | Killed Mnoleg
 77691 | Pan      | Reached skill level 5 in Shields
 77701 | Pan      | Gained mutation: Your magical capacity is very low. (-20%
                  | MP) [a cacodemon]
 77724 | Pan      | Got a glowing rune of Zot
 77924 | Pan      | Lost mutation: Your magical capacity is very low. (-20% MP)
                  | [potion of mutation]
 77924 | Pan      | Lost mutation: Your magical capacity is low. (-10% MP)
                  | [potion of mutation]
 77924 | Pan      | Gained mutation: You are robust. (+10% HP) [potion of
                  | mutation]
 77924 | Pan      | Gained mutation: You are agile. (Dex +4, Str/Int -1)
                  | [potion of mutation]
 77924 | Pan      | Gained mutation: You are partially covered in iridescent
                  | scales. (AC +2) [potion of mutation]
 77997 | Pan      | Noticed Xeph the pandemonium lord
 78219 | Pan      | Found a runed translucent door.
 78337 | Pan      | Noticed Veir the pandemonium lord
 78341 | Pan      | Killed Veir the pandemonium lord
 78421 | Pan      | Noticed Vatotuzu the pandemonium lord
 78433 | Abyss:4  | Cast into level 4 of the Abyss (Vatotuzu)
 78444 | Pan      | Escaped the Abyss
 78481 | Pan      | Killed Vatotuzu the pandemonium lord
 78577 | Pan      | Identified the +7 dagger "Pohono" {flame, rF++ rC++ Str-4}
 78746 | Pan      | Found an exit through the horrors of the Abyss.
 79014 | Pan      | Identified the +10 short sword of the Equator {drain,
                  | rElec}
 79101 | Pan      | Entered the realm of Gloorx Vloq.
 79220 | Pan      | Noticed Gloorx Vloq
 79259 | Pan      | Killed Gloorx Vloq
 79457 | Pan      | Got a dark rune of Zot
 79979 | Pan      | Found an exit through the horrors of the Abyss.
 80166 | Pan      | Noticed Ememor the pandemonium lord
 80193 | Pan      | Killed Ememor the pandemonium lord
 80652 | Pan      | Found an exit through the horrors of the Abyss.
 80961 | Pan      | Reached skill level 10 in Shields
 81218 | Pan      | Noticed Vyjet the pandemonium lord
 81221 | Pan      | Acquired 394 gold pieces
 81270 | Pan      | Killed Vyjet the pandemonium lord
 81331 | Pan      | Noticed Ryuf Keq the pandemonium lord
 81354 | Pan      | Killed Ryuf Keq the pandemonium lord
 81463 | Pan      | Entered the realm of Cerebov.
 82154 | Pan      | Found the +6 sword of Cerebov {flame}
 82154 | Pan      | Noticed Cerebov
 82208 | Pan      | Got Vem Omiz's Reference Book on Vexatious Pollution
 82238 | Pan      | Identified the amulet "Larchio" {rN+ Regen+}
 82245 | Pan      | Identified the +4 broad axe of Glory {heavy, rElec rPois
                  | rC+}
 82314 | Pan      | Learned a level 4 spell: Airstrike
 82335 | Pan      | Got Ewiheekk's Teachings on Charred Erosion
 82346 | Pan      | Identified the +6 whip of Indomitability {heavy, rElec
                  | Will- rCorr Dex+2}
 82429 | Pan      | Killed Cerebov
 82513 | Pan      | Identified the staff of death "Fofavet" {rN+ Str-5 Int+6}
 82594 | Pan      | Got a fiery rune of Zot
 82982 | Pan      | Noticed Begafell the pandemonium lord
 82997 | Pan      | Killed Begafell the pandemonium lord
 83262 | Pan      | Identified the +5 long sword "Diluticw" {holy, rF+}
 83376 | Pan      | Found an exit through the horrors of the Abyss.
 83529 | Pan      | Noticed Jidut the pandemonium lord
 83558 | Pan      | Killed Jidut the pandemonium lord
 83693 | Pan      | Reached skill level 5 in Air Magic
 83737 | Pan      | Identified the +1 leather armour "Sedaokle" {rElec rPois
                  | Str+3 Int-4}
 84197 | Depths:2 | Escaped Pandemonium
 84239 | Depths:2 | Bought the amulet "Plog" {Acrobat Contam Regen+ Slay+5
                  | Stlth+} for 993 gold pieces
 84259 | Depths:2 | Bought the +3 greatsling "Punk" {acid, rCorr} for 657 gold
                  | pieces
 84259 | Depths:2 | Found the +3 greatsling "Punk" {acid, rCorr}
 84473 | Vaults:1 | Bought a faintly humming ring mail for 297 gold pieces
 84473 | Vaults:1 | Identified the +0 ring mail "Nycluq" {Regen+} (You bought
                  | it in a shop on level 1 of the Vaults)
 84473 | Vaults:1 | Bought a masterwork ring mail for 297 gold pieces
 84473 | Vaults:1 | Identified the +7 ring mail of Anaesthesia {Int+3} (You
                  | bought it in a shop on level 1 of the Vaults)
 84473 | Vaults:1 | Bought a jewelled cloak for 313 gold pieces
 84473 | Vaults:1 | Identified the +0 cloak "Ceoguhyrch" {Int+5} (You bought it
                  | in a shop on level 1 of the Vaults)
 84480 | Vaults:1 | Bought a pair of embroidered boots for 247 gold pieces
 85065 | Lair:4   | Learned a level 3 spell: Portal Projectile
 85091 | Slime:1  | Reached skill level 1 in Translocations
 85094 | Slime:1  | Gained mutation: You are occasionally teleported next to
                  | monsters. [a shining eye]
 85120 | Slime:1  | Lost mutation: You are agile. (Dex +4, Str/Int -1) [potion
                  | of mutation]
 85120 | Slime:1  | Lost mutation: You are partially covered in iridescent
                  | scales. (AC +2) [potion of mutation]
 85120 | Slime:1  | Lost mutation: You are robust. (+10% HP) [potion of
                  | mutation]
 85120 | Slime:1  | Gained mutation: You are vulnerable to cold. (rC-) [potion
                  | of mutation]
 85120 | Slime:1  | Gained mutation: You have a pair of small antennae on your
                  | head. [potion of mutation]
 85121 | Slime:1  | Lost mutation: You are occasionally teleported next to
                  | monsters. [potion of mutation]
 85121 | Slime:1  | Lost mutation: You have a pair of small antennae on your
                  | head. [potion of mutation]
 85121 | Slime:1  | Gained mutation: You are weak. (Str -2) [potion of
                  | mutation]
 85121 | Slime:1  | Gained mutation: You have sharp toenails. [potion of
                  | mutation]
 85122 | Slime:1  | Lost mutation: You are vulnerable to cold. (rC-) [potion of
                  | mutation]
 85122 | Slime:1  | Lost mutation: You are weak. (Str -2) [potion of mutation]
 85122 | Slime:1  | Lost mutation: You have sharp toenails. [potion of
                  | mutation]
 85122 | Slime:1  | Gained mutation: You are somewhat resistant to further
                  | mutation. [potion of mutation]
 85122 | Slime:1  | Gained mutation: Your system is resistant to poisons.
                  | (rPois) [potion of mutation]
 85197 | Slime:3  | Noticed Dissolution
 85218 | Slime:2  | Killed Dissolution
 85311 | Slime:5  | Entered Level 5 of the Pits of Slime
 85420 | Slime:4  | Reached skill level 5 in Translocations
 85803 | Slime:5  | Noticed the Royal Jelly
 85853 | Slime:5  | Killed the Royal Jelly
 86123 | Slime:5  | Identified the +2 plate armour of Cinoysk {-Tele rElec SInv
                  | Stlth+}
 86142 | Slime:5  | Identified the +8 short sword of the Magic Mushroom
                  | {distort, MP-9 Str+6}
 86189 | Slime:5  | Got a slimy rune of Zot
 86190 | Slime:5  | Identified the ring of Doors {Str-4 Int+3 Dex+6 Stlth+}
 86243 | Slime:5  | Identified the +5 hand axe of Scuffed Purpose {flame,
                  | Str+6}
 86255 | Slime:5  | Identified the +7 dire flail "Nojinim" {drain, Contam rElec
                  | rF+ Int+4}
 86768 | Dis:1    | Entered Level 1 of the Iron City of Dis
 87019 | Dis:1    | Reached skill level 10 in Ranged Weapons
 87384 | Dis:7    | Entered Level 7 of the Iron City of Dis
 87467 | Dis:7    | HP: 4/106 [Hell Sentinel/damnation (32)]
 89229 | Dis:7    | Identified the +6 long sword "Comyalui" {heavy, Int+2}
 89575 | Dis:7    | Reached skill level 15 in Shields
 90438 | Dis:7    | Noticed Dispater
 90496 | Dis:7    | Killed Dispater
 90600 | Dis:7    | Got an iron rune of Zot
 90827 | Geh:1    | Entered Level 1 of Gehenna
 90834 | Geh:1    | Noticed an ancient lich
 90858 | Geh:1    | Killed an ancient lich
 91961 | Geh:7    | Entered Level 7 of Gehenna
 92282 | Geh:7    | Identified the staff of death "Hukumumelov" {rN+ Int+3
                  | Dex-3 Stlth+}
 92364 | Geh:7    | Got the Textbook on Transmogrification
 92391 | Geh:7    | Noticed the Serpent of Hell
 92458 | Geh:7    | Killed the Serpent of Hell
 92541 | Geh:7    | Identified the staff of fire "Rafahit" {Fragile rElec rF+
                  | Dex+2}
 92586 | Geh:7    | Found the +7 sceptre of Asmodeus
 92586 | Geh:7    | Noticed Asmodeus
 92671 | Geh:7    | Killed Asmodeus
 92703 | Geh:7    | Got an obsidian rune of Zot
 92777 | Geh:7    | Identified the ring of Ocogakk {rPois rF+ rC- rCorr}
 93168 | Hell     | Quit the game

Illustrated notes

Levels and vault maps discovered:
D:1:      roderic_crossed_star, layout_basic
D:2:      layout_loops_ring, minmay_joined_circles
D:3:      layout_loops_ring, chequers_serial_rivers_micro_e, roderic_batcave,
          dreamdust_princess_bridge, kennysheep_doodads, uniq_jessica,
          uniq_crazy_yiuf_cottage
D:4:      layout_basic, mainiacjoe_overflow_24_doors, uniq_natasha
D:5:      layout_gridville, nicolae_overflow_crystal_walls,
          gammafunk_ghost_necromancy, uniq_ijyb, uniq_eustachio
D:6:      layout_cave_pods, minmay_misc_feat_doors, mrwooster_statue_mirror
D:7:      layout_rooms, mainiacjoe_overflow_small_starburst, temple_fountains
D:8:      layout_rooms, chequers_temple_overflow_statue_of_worship,
          nicolae_elyvilon_peaceful_grove, mainiacjoe_overflow_alcove_4,
          uniq_maurice
D:9:      corexii_shack_village, layout_cave_pools, uniq_prince_ribbit1
D:10:     minmay_the_grid_octo_tiled_octocenter [minmay_the_grid_octo_teeth,
          minmay_the_grid_octo_focus, minmay_the_grid_octo_odd_swirl,
          minmay_the_grid_octo_shrine, minmay_the_grid_octo_prize_star,
          minmay_the_grid_square_5x5_three_walls,
          minmay_the_grid_square_5x5_three_small,
          minmay_the_grid_square_5x5_half_checkered,
          minmay_the_grid_square_5x5_checkered_statues], layout_irregular_city,
          enter_bailey_2
D:11:     layout_small_grid, grunt_lair_entry_orc_guard_hut
D:12:     minmay_concentric_multi, layout_loops_corners, uniq_rupert, uniq_sonja
D:13:     layout_rooms, ebering_ghost_inner_flame, uniq_erolcha
D:14:     layout_basic, erik_vaults_2, infiniplex_staircase_hallway_doors,
          serial_shops, bzr_entry_water, nicolae_square_shop,
          nicolae_shop_statue_plus, uniq_agnes
D:15:     grunt_enter_depths_snipers, layout_cave_pools, uniq_azrael,
          uniq_roxanne
Temple:   hellmonk_temple_of_storms
Lair:1:   layout_chaotic_city, gammafunk_ghost_berserking_beasts
Lair:2:   layout_misc_corridors
Lair:3:   layout_misc_corridors, minmay_shoals_entry_hut,
          hellmonk_spider_entry_not_the_bees, chequers_serial_rivers_micro_e,
          minmay_shattered_shrine
Lair:4:   layout_long_grid, nicolae_slime_entry_slimehenge, pond,
          grunt_megastairs_2, lemuel_fruit_tree
Lair:5:   evilmike_catoblepas_cave, layout_regular_city,
          chequers_serial_rivers_small_a, infiniplex_staircase_pool_2,
          serial_bayou_shore_a
Shoals:1: layout_shoals
Shoals:2: layout_shoals, nicolae_shoals_kraken_party
Shoals:3: layout_shoals, portal_ice_cave_entry_ugly_swarm
Shoals:4: shoals_end_hellmonk_storm_palace [storm_palace_center_circular,
          storm_palace_corner_grid, storm_palace_corner_altar,
          storm_palace_corner_grid, storm_palace_corner_blocked]
Spider:1: layout_spider_delve
Spider:2: layout_chambers
Spider:3: layout_spider_delve, nicolae_spider_cling_halls
Spider:4: floodkiller_spider_rune_tomb
Slime:1:  layout_caves, special_room [special_room_jelly]
Slime:2:  layout_caves
Slime:3:  cheibrodos_slime_lost_civilization_1, layout_caves, uniq_dissolution,
          uniq_donald
Slime:4:  layout_caves
Slime:5
Orc:1:    layout_diamond_mine, serial_shops, shop, mines2_david
Orc:2:    st_orc_town, layout_caves, gammafunk_ghost_wrathful_warriors,
          serial_shops, shop_fountains
Elf:1:    eino_elf_arrival_the_gate, layout_loops_cross, minmay_elf_sorcery
Elf:2:    nicolae_elf_blades_crystal_corner, layout_loops_corners,
          lemuel_flamethrower_2, uniq_aizul
Elf:3:    minmay_elf_hall_not_hex, layout_geoelf_octagon,
          gammafunk_ghost_abyssal_escape, serial_shops,
          nicolae_shop_hallway_plus, serial_corexii_hall,
          corexii_hall_statues_t, corexii_hall_statues_s, corexii_hall_statues_x
Vaults:1: v_misc_30, v_misc_18, v_misc_8, vaults_dpeg_encased_lava,
          ontoclasm_vaults_gateway, nicolae_vaults_little_squares_6,
          layout_vaults_omnigrid
Vaults:2: v_misc_23, nicolae_vaults_little_squares_1,
          minmay_crypt_entry_necro_gods, ontoclasm_vaults_tryst,
          vaults_dpeg_ring, vaults_dpeg_diagonal, grunt_vaults_twisty,
          nicolae_vaults_minivaults, v_misc_33, v_pattern_4,
          vaults_dpeg_emergency_exit, v_misc_15, hangedman_vaults_stagger,
          v_misc_19, layout_vaults_omnibox, uniq_bai_suzhen
Vaults:3: nicolae_vaults_network_barrier, v_rooms_1,
          nicolae_vaults_specimen_jars, grunt_vaults_swirl,
          nicolae_vaults_alarming, nicolae_vaults_inception_network,
          vaults_dpeg_doors, v_misc_29, nicolae_vaults_little_squares_4,
          grunt_vaults_focal, vaults_room_pool, hangedman_vaults_trim,
          nicolae_vaults_little_squares_4, layout_vaults_big_cross,
          uniq_margery, uniq_zenata
Vaults:4: nzn_ghost_randoct, nicolae_vaults_puzzle_piece, v_misc_27,
          nicolae_vaults_circle_grid_a, grunt_vaults_hallway_short,
          nicolae_vaults_big_angled_halls, v_misc_25,
          nicolae_vaults_network_periphery, st_octagons_1,
          hangedman_vaults_stream, hangedman_vaults_slice,
          nicolae_vaults_diagonal_hallway_9, vaults_mumra_hexcomb,
          layout_vaults_maze_snakey, serial_shops, shop_fountains
Vaults:5: serial_shops
Crypt:1:  layout_gridlike
Crypt:2:  layout_catacombs, roderic_lattice_octagonal_star, uniq_josephina
Crypt:3:  lightli_unholy_cathedral, layout_chaotic_city,
          nicolae_tomb_entry_unfolded_pyramid_diagonal, st_stairs_12, uniq_vv
Tomb:1
Tomb:2
Tomb:3
Depths:1: layout_long_grid, enter_ziggurat_d, hell_entry, serial_bayou_pond_a,
          xom_teletrap_fun
Depths:2: minmay_curly_fans, layout_gridville, rand_demon_pan_entry_9,
          kennysheep_cluttered_room, hell_entry, infiniplex_staircase_trident,
          uniq_saint_roka
Depths:3: cross_vault, layout_basic, abyss_entry, hell_entry,
          gammafunk_ghost_grave, lemuel_zombie_altar_kikubaaqudgha
Depths:4: grunt_zot_entry_funnels, layout_cave_pools,
          chequers_serial_rivers_large_b, pf_hell_entry_tar_spiral,
          ebering_ghost_disaster_area, uniq_boris
Hell
Dis:1:    layout_regular_city
Dis:2:    layout_subdivisions
Dis:3:    layout_gridville
Dis:4:    layout_regular_city
Dis:5:    layout_overlapping_boxes
Dis:6:    layout_gridville, nicolae_dis_metal_lava_thing
Dis:7:    iron_city_of_dis [dis_grunt, dis_wall_1], layout_gridville,
          nicolae_dis_scattering
Geh:1:    layout_gehenna_pools_triple
Geh:2:    layout_gehenna_pools_box
Geh:3:    layout_gehenna_lava_caves
Geh:4:    layout_gehenna_pools_triple
Geh:5:    layout_gehenna_lava_caves
Geh:6:    layout_gehenna_pools_box
Geh:7:    geh_grunt
Tar:1:    nicolae_tar_entombed_in_hell, layout_cathedral_of_symmetry
Tar:2:    layout_cathedral_of_symmetry
Tar:3:    layout_grid_maze, nicolae_hells_fiendish_ambush

Skill      XL: |  1  2  3  4  5  6  7  8  9 10 11 12 13 14 15 16 17 18 19 20 21 22 23 24 25 26 27 |
---------------+----------------------------------------------------------------------------------+-----
Short Blades   | 3 4 5 7 9 12 14 16 17 21 | 21.9
Spellcasting   | 1 2 3 4 8 10 11 14 16 20 | 20.2
Dodging        | 3 7 10 12 15 16 17 19 20 22 24 26 27 | 27.0
Shields        | 1 3 20 | 20.3
Fighting       | 3 5 7 8 9 10 12 14 20 | 20.0
Stealth        | 3 5 8 10 14 15 16 23 | 23.6
Evocations     | 1 3 5 9 10 | 10.0
Ranged Weapons | 3 5 13 | 13.5
Air Magic      | 5 |  5.2
Translocations | 5 |  5.0

Action                     |  1- 3 |  4- 6 |  7- 9 | 10-12 | 13-15 | 16-18 | 19-21 | 22-24 | 25-27 || total
---------------------------+-------+-------+-------+-------+-------+-------+-------+-------+-------++-------
  Melee: Short sword       |    86 |   139 |       |       |       |       |       |       |       ||   225
         Bite              |    21 |    52 |    88 |   318 |   660 |  1210 |  1372 |  1853 |  5381 || 10955
         Punch             |       |     2 |       |       |       |       |       |       |       ||     2
         Dagger            |       |    59 |    19 |       |       |       |       |       |       ||    78
         Rapier            |       |       |   254 |   762 |  1311 |  2386 |  2356 |  2907 |  7705 || 17681
   Fire: Arbalest          |       |       |       |       |     3 |       |       |       |       ||     3
         Sling             |       |       |       |       |     1 |     7 |       |       |       ||     8
         Greatsling        |       |       |       |       |       |       |       |       |   603 ||   603
         Hand crossbow     |       |       |       |       |       |       |       |       |     3 ||     3
  Throw: Boomerang         |       |       |       |     1 |       |       |       |       |       ||     1
   Cast: Apportation       |       |       |       |       |       |     1 |       |     1 |     5 ||     7
         Portal Projectile |       |       |       |       |       |       |       |       |     6 ||     6
         Airstrike         |       |       |       |       |       |       |       |       |     3 ||     3
 Invoke: Call Merchant     |       |       |     1 |       |     5 |     1 |     2 |     3 |     3 ||    15
         Potion Petition   |       |       |       |       |       |       |       |       |     6 ||     6
  Evoke: Wand              |       |       |     3 |     4 |     6 |     1 |       |       |    13 ||    27
         Condenser vane    |       |       |       |       |       |     1 |     2 |     2 |     9 ||    14
         Phantom mirror    |       |       |       |       |       |     1 |       |     1 |     2 ||     4
         Phial of floods   |       |       |       |       |       |       |       |     2 |       ||     2
         Horn of Geryon    |       |       |       |       |       |       |       |       |     2 ||     2
         Box of beasts     |       |       |       |       |       |       |       |       |     1 ||     1
    Use: Potion            |       |     1 |     2 |     1 |     2 |     2 |       |       |    16 ||    24
         Scroll            |       |       |    20 |     7 |    14 |     3 |     9 |     7 |    37 ||    97
   Stab: Sleeping          |     5 |    16 |     4 |    10 |    24 |    21 |    30 |    52 |    75 ||   237
         Distracted        |       |       |     1 |     2 |    12 |    26 |    50 |    21 |   180 ||   292
         Petrified         |       |       |       |       |     4 |       |       |       |       ||     4
         Invisible         |       |       |       |       |       |    95 |    88 |   111 |   171 ||   465
         Confused          |       |       |       |       |       |       |     6 |       |       ||     6
 Armour: Robe              |    15 |    18 |     8 |    36 |    33 |    73 |    84 |    73 |   254 ||   594
  Dodge: Dodged            |    39 |    85 |   133 |   341 |   632 |  1567 |  1716 |  2554 |  5736 || 12803
  Block: Other             |       |    37 |    11 |       |       |       |       |       |       ||    48
         Reflection        |       |     1 |     1 |    44 |    13 |    53 |    39 |    64 |       ||   215
         Buckler           |       |       |   110 |   370 |   553 |  1050 |   981 |  1053 |  1644 ||  5761
         Tower shield      |       |       |       |       |       |       |       |       |  1956 ||  1956

Table legend: (Time is in decaauts)
 A = Elapsed time spent in this place.
 B = Non-inter-level travel time spent in this place.
 C = Inter-level travel time spent in this place.
 D = Time resting spent in this place.
 E = Time spent auto-exploring this place.
 F = Levels seen in this place.
 G = Mean time per level.
                   A        B        C        D        E       F      G
               +--------+--------+--------+--------+--------+-----+--------+
         Total |  83513 |  75363 |   8150 |   8953 |  35449 | 104 |  803.0 |
       Dungeon |  15882 |  13261 |   2621 |    958 |   7674 |  15 | 1058.8 |
        Temple |     43 |     43 |      0 |      0 |     22 |   1 |   43.0 |
          Lair |   7477 |   6075 |   1402 |    696 |   3328 |   5 | 1495.4 |
        Shoals |   4962 |   4492 |    470 |    552 |   2121 |   4 | 1240.5 |
   Spider Nest |   5116 |   4903 |    213 |    827 |   2610 |   4 | 1279.0 |
    Slime Pits |   1270 |   1194 |     76 |    218 |    148 |   5 |  254.0 |
  Orcish Mines |   2111 |   1659 |    452 |      2 |   1204 |   2 | 1055.5 |
   Elven Halls |   6359 |   5979 |    380 |   2247 |   2074 |   3 | 2119.7 |
        Vaults |   9733 |   8609 |   1124 |    769 |   5251 |   5 | 1946.6 |
         Crypt |   2977 |   2706 |    271 |     49 |   1638 |   3 |  992.3 |
          Tomb |   4333 |   3902 |    431 |    709 |   1107 |   3 | 1444.3 |
        Depths |   4834 |   4444 |    390 |    688 |   2120 |   4 | 1208.5 |
          Hell |   1019 |    955 |     64 |    197 |    249 |   1 | 1019.0 |
           Dis |   3055 |   2950 |    105 |    252 |    416 |   7 |  436.4 |
       Gehenna |   1997 |   1957 |     40 |     79 |    608 |   7 |  285.3 |
      Tartarus |    762 |    659 |    103 |    110 |    174 |   3 |  254.0 |
         Abyss |    647 |    647 |      0 |     60 |      0 |   3 |  215.7 |
   Pandemonium |   9192 |   9192 |      0 |    315 |   3874 |  26 |  353.5 |
        Bazaar |    190 |    190 |      0 |      0 |    140 |   1 |  190.0 |
        Bailey |    557 |    557 |      0 |    119 |    241 |   1 |  557.0 |
      Ice Cave |    987 |    987 |      0 |    104 |    449 |   1 |  987.0 |
               +--------+--------+--------+--------+--------+-----+--------+

Top non-repeatable levels by time:
Vaults:4: 3475 daAuts
   Elf:3: 3217 daAuts
   Dis:7: 2710 daAuts
  Tomb:1: 2664 daAuts
Spider:4: 2158 daAuts
  Lair:1: 2010 daAuts
    D:12: 2009 daAuts
Vaults:2: 1850 daAuts
Vaults:1: 1797 daAuts
   Elf:2: 1754 daAuts
  Lair:5: 1716 daAuts
    D:11: 1494 daAuts
  Lair:3: 1491 daAuts
Vaults:3: 1462 daAuts
    D:14: 1423 daAuts
